[ AOE2 MATCH · #506905671 ]
UnrankedByzantines vs Ethiopians
Player's team · WIN
[ REPLAY ANALYSIS · EXTRACTED FROM THE RECORDED GAME ]
Feudal
11:22
Castle
29:35
Imperial
45:48
| APM avg | 51.0 |
| APM peak | 85 |
| eAPM avg | 25.3 |
| Villagers / military | 158 / 68 |
Focus
⚔️ 28.5% · 🌾 71.5%
Cavalry Archer ×19 · Skirmisher ×12 · Hand Cannoneer ×11 · Camel Scout ×9 · Spearman ×6 · Monk ×4
Feudal
11:34
Castle
18:19
Imperial
49:16
| APM avg | 22.6 |
| APM peak | 56 |
| eAPM avg | 16.3 |
| Villagers / military | 234 / 146 |
Focus
⚔️ 25.2% · 🌾 74.8%
Shotel Warrior ×65 · Camel Scout ×51 · Archer ×16 · Knight ×6 · Trebuchet (Packed) ×4 · Monk ×1
Match map
Initial resources + every placement click. Lines = walls · curves = elevation contours. ◆ gold · ⬟ stone · ● berries · ✦ relic · ◌ wall gap
Your base· ✓ Closed at 29:35 · 42t walls · no gate
phyllis_vance's base· ✓ Closed at 18:19 · 55t walls · 1 gate(s)
Smoothed initial terrain · ◌ = detected wall gap · hover for details
Inputs per minute
— SUMMER - - phyllis_vance
Build order — SUMMER
First 150 of 459 actions detected
| 0:01 | Create | Villager (Male) |
| 0:02 | Create | Villager (Male) |
| 0:02 | Create | Villager (Male) |
| 0:02 | Create | Villager (Male) |
| 0:04 | Build | House |
| 0:05 | Build | House |
| 1:26 | Create | Villager (Male) |
| 1:27 | Create | Villager (Male) |
| 1:57 | Build | Lumber Camp |
| 2:07 | Create | Villager (Male) |
| 2:21 | Create | Villager (Male) |
| 2:21 | Create | Villager (Male) |
| 2:55 | Create | Villager (Male) |
| 2:55 | Create | Villager (Male) |
| 2:56 | Create | Villager (Male) |
| 3:14 | Create | Villager (Male) |
| 3:15 | Create | Villager (Male) |
| 3:17 | Build | House |
| 3:17 | Build | House |
| 3:40 | Create | Villager (Male) |
| 4:05 | Create | Villager (Male) |
| 4:05 | Create | Villager (Male) |
| 4:05 | Create | Villager (Male) |
| 4:26 | Build | Mill |
| 4:36 | Create | Villager (Male) |
| 4:36 | Create | Villager (Male) |
| 5:01 | Create | Villager (Male) |
| 5:17 | Create | Villager (Male) |
| 5:17 | Create | Villager (Male) |
| 5:42 | Create | Villager (Male) |
| 5:42 | Create | Villager (Male) |
| 5:49 | Build | Outpost |
| 6:04 | Create | Villager (Male) |
| 6:04 | Create | Villager (Male) |
| 6:05 | Create | Villager (Male) |
| 6:43 | Create | Villager (Male) |
| 6:43 | Create | Villager (Male) |
| 6:43 | Create | Villager (Male) |
| 7:01 | Create | Villager (Male) |
| 7:01 | Create | Villager (Male) |
| 7:10 | Build | Outpost |
| 7:14 | Create | Villager (Male) |
| 7:43 | Create | Villager (Male) |
| 7:54 | Build | Barracks |
| 8:00 | Create | Villager (Male) |
| 8:36 | Research | Loom |
| 8:45 | Build | House |
| 8:50 | Research | Feudal Age |
| 9:08 | Build | Outpost |
| 9:39 | Build | Outpost |
| 10:08 | Build | Lumber Camp |
| 10:26 | Build | Lumber Camp |
| 10:37 | Build | Outpost |
| 10:40 | Build | Outpost |
| 11:10 | Create | Villager (Male) |
| 11:16 | Build | Outpost |
| 11:19 | Create | Villager (Male) |
| 11:22 | Age | Feudal Age |
| 11:36 | Research | Double-Bit Axe |
| 11:36 | Research | Double-Bit Axe |
| 11:41 | Build | Mining Camp |
| 11:45 | Build | Archery Range |
| 11:49 | Create | Spearman |
| 12:00 | Create | Villager (Male) |
| 12:19 | Create | Villager (Male) |
| 12:28 | Create | Villager (Male) |
| 12:33 | Build | House |
| 12:34 | Create | Skirmisher |
| 12:34 | Create | Skirmisher |
| 12:38 | Build | Farm |
| 12:38 | Build | Farm |
| 12:41 | Build | House |
| 12:59 | Create | Villager (Male) |
| 13:02 | Build | Farm |
| 13:02 | Build | Farm |
| 13:18 | Build | Watch Tower |
| 13:20 | Create | Villager (Male) |
| 13:23 | Create | Skirmisher |
| 13:24 | Create | Skirmisher |
| 13:46 | Create | Villager (Male) |
| 13:47 | Create | Skirmisher |
| 13:48 | Create | Skirmisher |
| 14:10 | Create | Skirmisher |
| 14:12 | Create | Villager (Male) |
| 14:23 | Build | Blacksmith |
| 14:37 | Create | Villager (Male) |
| 14:44 | Create | Villager (Male) |
| 14:45 | Build | Farm |
| 14:46 | Create | Villager (Male) |
| 14:46 | Create | Villager (Male) |
| 14:54 | Build | Watch Tower |
| 15:39 | Create | Villager (Male) |
| 15:40 | Create | Villager (Male) |
| 15:52 | Build | Outpost |
| 15:54 | Create | Villager (Male) |
| 15:57 | Build | Farm |
| 16:00 | Build | House |
| 16:04 | Build | House |
| 16:13 | Create | Skirmisher |
| 16:13 | Create | Skirmisher |
| 16:24 | Build | House |
| 16:25 | Build | House |
| 16:40 | Research | Padded Archer Armor |
| 16:40 | Research | Padded Archer Armor |
| 16:43 | Research | Fletching |
| 16:43 | Research | Fletching |
| 16:44 | Research | Padded Archer Armor |
| 16:59 | Build | House |
| 17:09 | Create | Skirmisher |
| 17:09 | Create | Skirmisher |
| 17:17 | Create | Skirmisher |
| 17:40 | Build | Farm |
| 17:40 | Build | Farm |
| 17:40 | Build | Farm |
| 17:57 | Create | Villager (Male) |
| 17:59 | Build | House |
| 18:00 | Create | Villager (Male) |
| 18:05 | Build | Watch Tower |
| 18:13 | Build | Farm |
| 18:13 | Build | Farm |
| 18:14 | Build | Farm |
| 18:16 | Build | House |
| 18:17 | Create | Villager (Male) |
| 18:17 | Create | Villager (Male) |
| 18:18 | Create | Villager (Male) |
| 18:23 | Build | Mining Camp |
| 18:46 | Create | Villager (Male) |
| 19:08 | Build | Palisade Wall |
| 19:16 | Build | Watch Tower |
| 19:24 | Build | Farm |
| 19:25 | Create | Villager (Male) |
| 19:25 | Create | Villager (Male) |
| 19:25 | Create | Villager (Male) |
| 19:36 | Create | Villager (Male) |
| 19:59 | Build | Watch Tower |
| 20:05 | Create | Villager (Male) |
| 20:09 | Create | Villager (Male) |
| 20:26 | Create | Villager (Male) |
| 20:26 | Create | Villager (Male) |
| 20:29 | Research | Horse Collar |
| 20:30 | Create | Villager (Male) |
| 20:31 | Create | Villager (Male) |
| 20:37 | Build | Palisade Wall |
| 20:38 | Create | Villager (Male) |
| 20:44 | Build | Farm |
| 21:07 | Build | Watch Tower |
| 21:13 | Create | Villager (Male) |
| 21:40 | Create | Villager (Male) |
| 22:08 | Build | Watch Tower |
| 22:12 | Build | Watch Tower |
Build order — phyllis_vance
First 150 of 340 actions detected
| 0:00 | Create | Villager (Male) |
| 0:00 | Create | Villager (Male) |
| 0:01 | Create | Villager (Male) |
| 0:01 | Create | Villager (Male) |
| 0:02 | Build | House |
| 0:04 | Build | House |
| 1:26 | Create | Villager (Male) |
| 1:50 | Build | Lumber Camp |
| 2:01 | Create | Villager (Male) |
| 2:20 | Create | Villager (Male) |
| 2:20 | Create | Villager (Male) |
| 2:50 | Create | Villager (Male) |
| 3:07 | Create | Villager (Male) |
| 3:19 | Build | House |
| 3:34 | Create | Villager (Male) |
| 3:50 | Create | Villager (Male) |
| 4:16 | Build | Mill |
| 4:42 | Create | Villager (Male) |
| 4:43 | Create | Villager (Male) |
| 4:43 | Create | Villager (Male) |
| 4:49 | Build | House |
| 5:06 | Create | Villager (Male) |
| 5:30 | Create | Villager (Male) |
| 5:31 | Create | Villager (Male) |
| 6:08 | Build | Lumber Camp |
| 6:09 | Create | Villager (Male) |
| 6:16 | Create | Villager (Male) |
| 6:21 | Build | House |
| 6:28 | Build | House |
| 6:31 | Create | Villager (Male) |
| 6:31 | Create | Villager (Male) |
| 7:21 | Create | Villager (Male) |
| 7:24 | Research | Loom |
| 7:41 | Build | Mining Camp |
| 8:17 | Build | Barracks |
| 8:20 | Build | Palisade Wall |
| 8:31 | Build | Palisade Wall |
| 8:33 | Build | Palisade Wall |
| 8:54 | Build | Palisade Gate |
| 8:59 | Build | House |
| 9:02 | Build | Palisade Wall |
| 9:09 | Build | Palisade Wall |
| 9:11 | Build | Palisade Wall |
| 9:24 | Research | Feudal Age |
| 11:34 | Age | Feudal Age |
| 11:38 | Research | Horse Collar |
| 11:39 | Research | Double-Bit Axe |
| 11:45 | Build | Archery Range |
| 12:02 | Create | Villager (Male) |
| 12:03 | Create | Villager (Male) |
| 12:03 | Create | Villager (Male) |
| 12:30 | Create | Archer |
| 12:30 | Create | Archer |
| 12:31 | Create | Archer |
| 12:31 | Create | Archer |
| 12:35 | Build | House |
| 12:46 | Create | Spearman |
| 13:04 | Build | House |
| 13:35 | Build | Blacksmith |
| 13:44 | Build | Farm |
| 13:44 | Build | Farm |
| 13:45 | Build | Farm |
| 13:45 | Build | Farm |
| 13:58 | Build | Farm |
| 14:01 | Build | Farm |
| 14:01 | Build | Farm |
| 14:05 | Build | Farm |
| 15:31 | Create | Archer |
| 15:31 | Create | Archer |
| 15:39 | Research | Castle Age |
| 16:24 | Build | Farm |
| 16:25 | Build | Farm |
| 16:26 | Build | Farm |
| 16:27 | Build | Farm |
| 16:33 | Create | Archer ×5 |
| 16:33 | Create | Archer ×5 |
| 16:59 | Research | Fletching |
| 18:19 | Age | Castle Age |
| 18:26 | Build | Town Center |
| 18:34 | Build | Town Center |
| 18:40 | Research | Wheelbarrow |
| 18:40 | Create | Villager (Male) |
| 18:40 | Create | Villager (Male) |
| 18:40 | Create | Villager (Male) |
| 18:41 | Create | Villager (Male) |
| 19:05 | Build | Siege Workshop |
| 19:14 | Create | Villager (Male) |
| 19:15 | Create | Villager (Male) |
| 19:15 | Create | Villager (Male) |
| 19:56 | Build | Stable |
| 19:58 | Create | Villager (Male) |
| 19:59 | Create | Villager (Male) |
| 19:59 | Create | Villager (Male) |
| 19:59 | Create | Villager (Male) |
| 20:30 | Create | Mangonel |
| 20:40 | Create | Villager (Male) ×4 |
| 20:41 | Create | Villager (Male) ×4 |
| 21:04 | Create | Knight ×2 |
| 21:11 | Build | Market |
| 21:32 | Build | Mining Camp |
| 21:38 | Create | Knight ×2 |
| 22:19 | Create | Knight ×2 |
| 22:21 | Create | Villager (Male) |
| 22:27 | Build | Farm |
| 22:27 | Build | Farm |
| 22:27 | Build | Farm |
| 22:28 | Build | Farm |
| 22:34 | Build | Farm |
| 22:44 | Create | Villager (Male) ×2 |
| 22:44 | Create | Villager (Male) ×2 |
| 22:50 | Build | Farm |
| 23:12 | Research | Scale Barding Armor |
| 23:23 | Build | Lumber Camp |
| 23:36 | Create | Villager (Male) |
| 23:41 | Build | Farm |
| 23:41 | Build | Farm |
| 24:04 | Build | Watch Tower |
| 24:15 | Create | Villager (Male) ×4 |
| 24:15 | Create | Villager (Male) ×4 |
| 24:18 | Build | Farm |
| 24:19 | Build | Farm |
| 24:20 | Build | Farm |
| 24:23 | Create | Villager (Male) |
| 24:23 | Create | Villager (Male) |
| 25:30 | Create | Villager (Male) ×5 |
| 25:31 | Create | Villager (Male) ×5 |
| 25:31 | Create | Villager (Male) ×3 |
| 25:52 | Build | House |
| 25:53 | Build | House |
| 25:53 | Build | House |
| 25:54 | Build | House |
| 25:59 | Build | House |
| 26:00 | Build | House |
| 26:21 | Build | Farm |
| 26:24 | Build | Farm |
| 26:54 | Build | House |
| 26:56 | Build | House |
| 26:59 | Create | Villager (Male) ×5 |
| 26:59 | Create | Villager (Male) ×5 |
| 27:01 | Build | Farm |
| 27:02 | Build | Farm |
| 27:05 | Build | Farm |
| 27:18 | Create | Battering Ram |
| 27:24 | Build | Farm |
| 27:24 | Build | Farm |
| 27:41 | Create | Villager (Male) ×4 |
| 28:11 | Create | Villager (Male) ×4 |
| 28:12 | Create | Villager (Male) ×4 |
| 28:50 | Build | Castle |
| 28:57 | Create | Villager (Male) ×5 |
Match timeline
| 7:54 | SUMMER · first_building Barracks |
| 8:17 | phyllis_vance · first_building Barracks |
| 8:20 | phyllis_vance · wall_segment Palisade Wall x12 |
| 8:31 | phyllis_vance · wall_segment Palisade Wall x16 |
| 8:33 | phyllis_vance · wall_segment Palisade Wall x4 |
| 9:02 | phyllis_vance · wall_segment Palisade Wall x9 |
| 9:09 | phyllis_vance · wall_segment Palisade Wall x4 |
| 9:11 | phyllis_vance · wall_segment Palisade Wall x11 |
| 11:22 | SUMMER · age_up feudal |
| 11:34 | phyllis_vance · age_up feudal |
| 11:45 | SUMMER · first_building Archery Range |
| 11:45 | phyllis_vance · first_building Archery Range |
| 18:19 | phyllis_vance · age_up castle |
| 19:05 | phyllis_vance · first_building Siege Workshop |
| 19:08 | SUMMER · wall_segment Palisade Wall x8 |
| 19:56 | phyllis_vance · first_building Stable |
| 20:37 | SUMMER · wall_segment Palisade Wall x18 |
| 22:27 | SUMMER · wall_segment Palisade Wall x13 |
| 25:57 | phyllis_vance · first_market_sell 100 wood |
| 28:29 | SUMMER · first_building Stable |
| 28:38 | phyllis_vance · first_market_buy 100 stone |
| 28:50 | phyllis_vance · first_building Castle |
| 29:05 | SUMMER · wall_segment Stone Wall x1 |
| 29:07 | SUMMER · wall_segment Stone Wall x1 |
| 29:09 | SUMMER · wall_segment Stone Wall x1 |
| 29:25 | SUMMER · first_market_buy 100 stone |
| 29:35 | SUMMER · age_up castle |
| 30:37 | SUMMER · wall_segment Palisade Wall x1 |
| 30:37 | SUMMER · wall_segment Palisade Wall x1 |
| 30:37 | SUMMER · wall_segment Palisade Wall x2 |
| 30:38 | SUMMER · wall_segment Palisade Wall x2 |
| 30:38 | SUMMER · wall_segment Palisade Wall x1 |
| 30:38 | SUMMER · wall_segment Palisade Wall x1 |
| 30:39 | SUMMER · wall_segment Palisade Wall x2 |
| 30:39 | SUMMER · wall_segment Palisade Wall x1 |
| 30:40 | SUMMER · wall_segment Palisade Wall x1 |
| 42:10 | SUMMER · first_building Monastery |
| 44:03 | phyllis_vance · first_building Monastery |
| 44:23 | SUMMER · wall_segment Palisade Wall x17 |
| 44:28 | SUMMER · wall_segment Palisade Wall x17 |
| 44:34 | SUMMER · wall_segment Palisade Wall x12 |
| 44:46 | SUMMER · first_building Castle |
| 45:11 | SUMMER · first_building Siege Workshop |
| 45:48 | SUMMER · age_up imperial |
| 46:41 | SUMMER · wall_segment Palisade Wall x15 |
| 46:43 | SUMMER · wall_segment Palisade Wall x10 |
| 48:53 | SUMMER · wall_segment Palisade Wall x11 |
| 49:16 | phyllis_vance · age_up imperial |
| 50:23 | SUMMER · wall_segment Palisade Wall x33 |
| 54:32 | phyllis_vance · resign |
[ AI ANALYSIS · 1 CREDIT ]
What really happened in this match?
Wolo.gg analyzes every decision: build order, eco, micro, common mistakes by bracket. Personalized analysis on WhatsApp or Discord in 30 seconds.
Civ guide
Byzantines
Perfil
MOON